Map: Tokamak LE

Players

BIGMAN

  • Race: Zerg Zerg
  • League: Platinum
  • Spawn Location: 1:00

ManlyManMeat - Winner!

  • Race: Zerg Zerg
  • League: Diamond
  • Spawn Location: 7:00

VOD

Have the link to the VOD?

Description

Time

  • Played on: July 8, 2025, 6:43 a.m.
  • Length: 8:52
Show
View Real Time Build Order
Export as new Build Order

BIGMAN Zerg 

Build Orders: Hatch First 

Get SALT Encoding   

  12  0:00  Drone  
  13  0:08  Drone  
  14  0:14  Extractor  
  14  0:17  Drone  
  15  0:22  Overlord  
  15  0:41  Drone x2  
  17  0:46  Drone  
  18  0:55  Hatchery  
  17  0:58  Drone  
  17  1:00  Extractor  
  17  1:14  Spawning Pool  
  17  1:18  Drone  
  17  1:21  Drone  
  18  1:27  Drone  
  19  1:37  Drone  
  20  1:48  Overlord  
  20  2:01  Queen  
  22  2:16  Queen  
  22  2:17  Zergling x2  
  22  2:18  Zergling x2  
  22  2:20  Metabolic Boost  
  26  2:28  Hatchery  
  25  2:33  Drone  
  25  2:35  Zergling x4  
  28  2:43  Drone  
  28  2:44  Drone  
  30  2:47  Overlord  
  30  3:01  Drone x3  
  33  3:06  Overlord  
  33  3:08  Drone  
  34  3:14  Drone x2  
  34  3:15  Drone  
  34  3:18  Drone  
  38  3:23  Drone  
  38  3:24  Roach Warren  
  38  3:30  Drone  
  39  3:37  Drone x2  
  41  3:43  Drone, Evolution Chamber  
  41  3:55  Zergling x2  
  39  3:56  Zergling x8  
  43  4:03  Spine Crawler  
  42  4:13  Roach x2  
  42  4:14  Roach x2  
  50  4:23  Drone x4  
  53  4:29  Zergling x2  
  53  4:30  Zergling x2  
  53  4:32  Drone x4  
  53  4:37  Extractor  
  46  4:54  Roach  
  46  4:55  Roach x4  
  53  5:03  Drone  
  53  5:04  Drone x2  
  56  5:13  Evolution Chamber  
  55  5:20  Overlord x2  
  55  5:30  Hatchery  
  55  5:31  Overlord  
  54  5:41  Zerg Missile Weapons Level 1  
  54  5:45  Extractor  
  51  5:52  Roach  
  51  5:53  Roach x6  
  55  6:08  Drone x2  
  57  6:30  Roach  
  57  6:31  Hatchery, Roach x5  
  68  6:37  Queen  
  70  6:48  Overlord  
  70  6:50  Roach  
  72  6:59  Lair  
  72  7:02  Overlord, Extractor  
  72  7:07  Hatchery  
  70  7:15  Drone  
  71  7:18  Roach x2  
  76  7:29  Hatchery, Roach x4  
  83  7:32  Overlord  
  83  7:42  Overlord x2  
  83  7:45  Queen  
  83  7:51  Roach x5  
  93  7:52  Ravager x3  
  98  8:16  Drone x2  
  98  8:17  Drone  
  101  8:20  Overlord x2  
  101  8:22  Roach x3  
  107  8:37  Spore Crawler  
  107  8:39  Spore Crawler  
Show
View Real Time Build Order
Export as new Build Order

ManlyManMeat Zerg - Winner!

Build Orders: Hatch First 

Get SALT Encoding   

  12  0:00  Drone  
  13  0:08  Drone  
  13  0:13  Extractor  
  13  0:15  Drone  
  15  0:22  Overlord  
  15  0:41  Drone  
  16  0:47  Hatchery  
  15  0:50  Drone  
  15  0:53  Drone  
  18  0:57  Drone  
  18  1:08  Extractor  
  17  1:13  Spawning Pool  
  17  1:18  Drone  
  17  1:19  Drone  
  18  1:27  Drone  
  19  1:36  Drone  
  20  2:00  Zergling x4  
  22  2:02  Queen x2  
  22  2:03  Overlord  
  26  2:12  Metabolic Boost  
  26  2:14  Drone x2  
  28  2:29  Drone x2  
  30  2:32  Drone  
  30  2:33  Baneling Nest  
  30  2:44  Drone  
  30  2:45  Drone x2  
  32  2:59  Zergling x4  
  32  3:05  Hatchery  
  33  3:08  Zergling x4  
  35  3:17  Baneling  
  35  3:19  Overlord  
  35  3:20  Overlord  
  35  3:25  Zergling x2, Baneling x2  
  36  3:37  Overlord x2  
  36  3:43  Zergling x2  
  36  3:44  Zergling x6  
  38  3:58  Baneling  
  38  4:02  Zergling x12  
  44  4:21  Baneling  
  44  4:22  Baneling  
  44  4:27  Zergling x6  
  44  4:30  Drone x5, Roach Warren  
  50  4:39  Zergling x8  
  52  5:02  Extractor x2  
  52  5:03  Extractor  
  49  5:09  Baneling  
  49  5:18  Lair  
  49  5:19  Drone  
  49  5:20  Drone x2  
  52  5:21  Drone x3  
  52  5:23  Drone x3  
  52  5:25  Queen  
  56  6:04  Evolution Chamber  
  55  6:16  Roach x6  
  67  6:21  Spire  
  67  6:23  Drone  
  67  6:24  Drone x3  
  72  6:47  Overlord, Roach x2  
  72  6:48  Overlord x2  
  72  6:50  Overlord x2  
  73  7:12  Roach x5  
  73  7:13  Roach x4  
  91  7:27  Overlord  
  91  7:28  Overlord x2  
  91  7:33  Mutalisk x8  
  107  7:40  Zergling x10  
  110  8:19  Mutalisk  
  110  8:20  Mutalisk x3  
  118  8:27  Roach x4  
Tags
 
Add a new tag
Caveats
  • Supply blocks, unpowered buildings, or Contaminate may cause inaccurate times.
  • Supply counts are checked every 10 seconds.